 Dungeon Crawl Stone Soup version 0.19.4-12-gccf7e64 (webtiles) character file.

285 vatarom the Poker (level 6, -10/49 HPs)
             Began as a Merfolk Skald on Feb 27, 2017.
             Killed from afar by Eremar's ghost (18 damage)
             ... with an orb of energy
             ... on level 3 of the Dungeon.
             The game lasted 00:08:52 (3157 turns).

vatarom the Poker (Merfolk Skald)                   Turns: 3157, Time: 00:08:53

Health: -10/49     AC:  3    Str: 13    XL:     6   Next: 29%
Magic:  9/9        EV: 12    Int: 11    God:
Gold:   36         SH:  0    Dex: 15    Spells: 3 memorised, 3 levels left

rFire  + . .     SeeInvis .     a - +0 spear
rCold  . . .     Gourm    .     b - +0 leather armour
rNeg   . . .     Faith    .     (no shield)
rPois  .         Spirit   .     (no helmet)
rElec  .         Reflect  .     (no cloak)
rCorr  .         Harm     .     (no gloves)
MR     .....                    (no boots)
Stlth  +.........               e - amulet of regeneration
                                (no ring)
                                j - ring of protection from fire

@: no status effects
A: change form in water, swift swim, stealthy swim
a: no special abilities


You were on level 3 of the Dungeon.
You were not hungry.

You visited 1 branch of the dungeon, and saw 3 of its levels.

You collected 36 gold pieces.

Inventory:

Hand Weapons
 a - a +0 spear (weapon)
Armour
 b - a +0 leather armour (worn)
Jewellery
 e - an amulet of regeneration (around neck)
 j - a ring of protection from fire (left hand)
Scrolls
 k - 2 scrolls of identify
Books
 c - a book of Battle

   Spells                             Type                      Level
   a - Infusion                       Charms                       1
   b - Shroud of Golubria             Charms/Translocation         2
   c - Song of Slaying                Charms                       2
   d - Spectral Weapon                Hexes/Charms                 3
   e - Regeneration                   Charms/Necromancy            3
 g - a book of Misfortune

   Spells                             Type                      Level
   a - Confusing Touch                Hexes                        1
   b - Confuse                        Hexes                        3
   c - Gell's Gravitas                Hexes/Translocation          3
   d - Petrify                        Transmutation/Earth          4
   e - Metabolic Englaciation         Hexes/Ice                    5
   f - Yara's Violent Unravelling     Hexes/Transmutation          5
Comestibles
 d - 3 bread rations
 f - a chunk of flesh
 h - 5 fruits
 i - 2 meat rations


   Skills:
 + Level 4.4 Fighting
 - Level 4.8 Polearms
 - Level 0.6 Armour
 - Level 2.6 Dodging
 - Level 2.0 Spellcasting
 - Level 2.5 Hexes
 - Level 4.2 Charms


You had 3 spell levels left.
You knew the following spells:

 Your Spells              Type           Power        Failure   Level  Hunger
a - Infusion              Chrm           ##..         10%         1    ##.....
b - Shroud of Golubria    Chrm/Tloc      #.........   24%         2    ###....
c - Spectral Weapon       Hex/Chrm       #.......     34%         3    ####...


Dungeon Overview and Level Annotations

Branches:
Dungeon (3/15)

Altars:
Cheibriados
Kikubaaqudgha

Annotations:
D:3 Eremar's ghost, amateur DECj


Message History

The magic dart hits you!
* * * LOW HITPOINT WARNING * * *
Attack whom?
Press: ? - help, Dir - move target cursor, f/p - Eremar's ghost
Aim: Eremar's ghost (lightly damaged)
You hit Eremar's ghost.
Eremar's ghost is lightly damaged.
Eremar's ghost casts a spell at you. The magic dart hits you!
* * * LOW HITPOINT WARNING * * *
Attack whom?
Press: ? - help, Dir - move target cursor, f/p - Eremar's ghost
Aim: Eremar's ghost (lightly damaged)
You barely miss Eremar's ghost.
Eremar's ghost is lightly damaged.
Eremar's ghost hits you.
* * * LOW HITPOINT WARNING * * *
Eremar's ghost points at you and mumbles some strange words.
The orb of energy hits you!
You die...

#####......#.#
##[.##.......... #
.........
#...##.###...### #
......#.# #.#.... #.###
.
......%.#####......###.#
### #
.......$........>......#
#.. # #.# #.#.####.###
#.# #.# ###.#.# #.# #.#
#.# #.....# #.# #.#
#.###@###.# #.# #.#
#..W..# #.# #.#####..
#.###.###.####........
#..............##.##.#
########.########.##.#
#.# #.##.# #.# #.##.#
#.# #.##.# #.# #....#


You could see Eremar's ghost.

Vanquished Creatures
  2 orc priests (D:3)
  An orc wizard (D:2)
  4 gnolls
  6 adders
  5 oozes
  4 worms
  3 dart slugs
  2 leopard geckos (D:2)
  3 orcs
  2 ball pythons
  8 bats
  A giant cockroach (D:3)
  9 goblins
  4 hobgoblins
  5 jackals
  8 kobolds
  3 frilled lizards
  4 rats
74 creatures vanquished.

Notes
Turn   | Place    | Note
-------+----------+-------------------------------------------
     0 | D:1      | vatarom the Merfolk Skald began the quest for the Orb.
     0 | D:1      | Reached XP level 1. HP: 16/16 MP: 3/3
   178 | D:1      | Reached XP level 2. HP: 3/22 MP: 0/5
   188 | D:1      | Learned a level 2 spell: Shroud of Golubria
   690 | D:1      | Reached XP level 3. HP: 26/27 MP: 6/6
  1227 | D:2      | Learned a level 3 spell: Spectral Weapon
  1452 | D:2      | Reached XP level 4. HP: 33/33 MP: 7/7
  1513 | D:2      | Found an ancient bone altar of Kikubaaqudgha.
  1773 | D:2      | Reached skill level 1 in Hexes
  2011 | D:2      | Reached XP level 5. HP: 31/38 MP: 8/8
  2243 | D:3      | Found a snail-covered altar of Cheibriados.
  2811 | D:3      | Noticed Eremar's ghost (amateur DECj)
  2897 | D:3      | Reached XP level 6. HP: 47/48 MP: 9/9
  3157 | D:3      | Killed from afar by Eremar's ghost

Skill      XL: |  1  2  3  4  5  6 |
---------------+-------------------+-----
Polearms       | 4 |  4.8
Dodging        | 2 |  2.6
Charms         | 4 |  4.2
Hexes          | 1 2 |  2.5
Fighting       | 3 4 |  4.4
Armour         | |  0.6
Spellcasting   | |  2.0

Action                   |  1- 3 |  4- 6 || total
-------------------------+-------+-------++-------
Melee: Spear             |   127 |   293 ||   420
 Cast: Infusion          |     3 |     1 ||     4
       Shroud of Golubri |     1 |     5 ||     6
  Use: Potion            |     2 |     2 ||     4
       Scroll            |     1 |     2 ||     3
 Stab: Invisible         |     1 |       ||     1
       Sleeping          |       |     1 ||     1
  Eat: Chunk             |     1 |     2 ||     3
       Pizza             |     1 |       ||     1
       Bread ration      |       |     1 ||     1
Armor: Leather armour    |    12 |    34 ||    46
Dodge: Dodged            |    49 |   113 ||   162
